 Dungeon Crawl Stone Soup version 0.21-b1-21-g86478ac (webtiles) character file.

20 ricardofg the Magician (level 2, 0/15 HPs)
             Began as a Gargoyle Wizard on Jan 4, 2018.
             Slain by a kobold
             ... wielding a +0 dagger
              (2 damage)
             ... on level 2 of the Dungeon.
             The game lasted 00:03:20 (1124 turns).

ricardofg the Magician (Gargoyle Wizard)            Turns: 1124, Time: 00:03:20

Health: 0/15       AC:  4    Str: 10    XL:     2   Next: 79%
Magic:  2/6        EV: 12    Int: 18    God:
Gold:   31         SH:  0    Dex:  8    Spells: 6/7 levels left

rFire    . . .     SeeInvis .   i - +0 whip
rCold    . . .     Gourm    .   (no shield)
rNeg     + . .     Faith    .   a - +0 robe
rPois    ∞         Spirit   .   b - +0 hat
rElec    +         Reflect  .   (no cloak)
rCorr    .         Harm     .   (no gloves)
MR       .....                  (no boots)
Stlth    ++........             (no amulet)
HPRegen  0.05/turn              (no ring)
MPRegen  0.10/turn              (no ring)

@: no status effects
A: negative energy resistance 1, electricity resistance, unbreathing,
petrification resistance, rot immunity, AC +2
a: no special abilities


You were on level 2 of the Dungeon.
You were hungry.

You visited 1 branch of the dungeon, and saw 2 of its levels.

You collected 31 gold pieces.

Inventory:

Hand Weapons
 g - a +0 spear
 i - a +0 whip (weapon)
Armour
 a - a +0 robe (worn)
 b - a +0 hat (worn)
Scrolls
 e - a scroll of remove curse {unknown}
 f - a scroll of enchant armour {unknown}
 k - 3 scrolls of teleportation {unknown}
 m - a scroll of immolation {unknown}
Potions
 j - a potion of invisibility {unknown}
 l - 2 potions of curing {unknown}
Books
 c - a book of Minor Magic

   Spells                             Type                      Level
   a - Magic Dart                     Conjuration                  1
   b - Blink                          Translocation                2
   c - Call Imp                       Summoning                    2
   d - Slow                           Hexes                        2
   e - Conjure Flame                  Conjuration/Fire             3
   f - Mephitic Cloud                 Conjuration/Poison/Air       3
Comestibles
 d - 3 rations


   Skills:
 - Level 1.5 Dodging
 - Level 2.1 Stealth
 + Level 3.4 Spellcasting
 + Level 2.2 Conjurations
   Level 0.8 Summonings
   Level 0.8 Translocations


You had 6 spell levels left.
You knew the following spells:

 Your Spells              Type           Power        Failure   Level  Hunger
a - Magic Dart            Conj           ##..         6%          1    None


Dungeon Overview and Level Annotations

Branches:
Dungeon (2/15)

Altars:
Ashenzari


Innate Abilities, Weirdness & Mutations

You are resistant to torment.
Your stone body is resilient. (AC +2)
You are immune to poison.
You resist negative energy. (rN+)
You are resistant to electric shocks. (rElec)
You can survive without breathing.
You are immune to petrification.
You are immune to rotting.


Message History

Confirm with . or Enter, or press ? or * to list all spells.
Aiming: Magic Dart
Press: ? - help, Shift-Dir - straight line, f/p - adder
Aim: an adder (moderately wounded)
The magic dart hits the adder.
The adder is severely wounded.
The adder closely misses you. The kobold hits you but does no damage.
You closely miss the adder.
The adder is severely wounded.
The adder bites you but does no damage. The kobold hits you with a dagger.
The adder bites you.
You closely miss the adder.
The adder is severely wounded.
The kobold hits you but does no damage. The adder bites you but does no damage.
The adder completely misses you. The adder bites you. x2
* * * LOW HITPOINT WARNING * * *
There is a stone staircase leading up here.
The kobold hits you with a dagger.
You die...

.) #. ..
#. ##
##.. .#
#...###
..###
#...##
....
#@.##..#
##K#...#
#S..#
##..#
#..>...#
#.##....#
... ....#
... ....
.#### ...


You could see an adder and a kobold.

Vanquished Creatures
  A leopard gecko (D:1)
  A giant cockroach (D:1)
  2 goblins (D:1)
  2 hobgoblins (D:1)
  4 kobolds (D:1)
  A ball python (D:2)
  4 bats (D:1)
  A frilled lizard (D:1)
  3 rats (D:1)
19 creatures vanquished.

Notes
Turn   | Place    | Note
-------+----------+-------------------------------------------
     0 | D:1      | ricardofg the Gargoyle Wizard began the quest for the Orb.
     0 | D:1      | Reached XP level 1. HP: 10/10 MP: 4/4
   280 | D:1      | Reached XP level 2. HP: 12/15 MP: 1/6
   450 | D:1      | Found a shattered altar of Ashenzari.
  1124 | D:2      | Slain by a kobold

Skill      XL: |  1  2 |
---------------+-------+-----
Conjurations   | 2 |  2.2
Dodging        | |  1.5
Stealth        | |  2.1
Spellcasting   | |  3.4
Summonings     | |  0.8
Translocations | |  0.8

Action                   || total
-------------------------++-------
Melee: Whip              ||    53
       Spear             ||    10
 Cast: Magic Dart        ||    27
 Stab: Sleeping          ||     2
Armor: Robe              ||    28
Dodge: Dodged            ||    52
